 Dungeon Crawl Stone Soup version 0.19.0-11-g3fc08b3 (webtiles) character file.

959 MTVSty1e the Skirmisher (level 7, -10/66 HPs)
             Began as a Minotaur Fighter on Nov 8, 2016.
             Killed by divine providence
             ... invoked by an orc priest
              (13 damage)
             ... on level 6 of the Dungeon.
             The game lasted 00:08:51 (4077 turns).

MTVSty1e the Skirmisher (Minotaur Fighter)          Turns: 4077, Time: 00:08:51

Health: -10/66     AC:  7    Str: 27    XL:     7   Next: 91%
Magic:  15/15      EV: 10    Int:  5    God:
Gold:   247        SH: 10    Dex: 10    Spells: 0 memorised, 6 levels left

rFire  . . .     SeeInvis .     a - +0 war axe
rCold  . . .     Gourm    .     b - +0 scale mail
rNeg   . . .     Faith    .     c - +0 shield
rPois  .         Spirit   .     (helmet restricted)
rElec  .         Reflect  .     (no cloak)
rCorr  .         Harm     .     (no gloves)
MR     .....                    (no boots)
Stlth  ..........               (no amulet)
                                (no ring)
                                u - ring of magical power

@: mighty
A: retaliatory headbutt, horns 2
a: no special abilities


You were on level 6 of the Dungeon.
You were not hungry.

You visited 1 branch of the dungeon, and saw 6 of its levels.

You collected 247 gold pieces.

Inventory:

Hand Weapons
 a - a +0 war axe (weapon)
Armour
 b - a +0 scale mail (worn)
 c - a +0 shield (worn)
Jewellery
 e - an uncursed ring of magical power
 u - a ring of magical power (left hand)
Scrolls
 i - 6 scrolls of identify
 j - a scroll of noise
 m - a scroll of immolation
 p - 5 scrolls of teleportation
 t - 2 scrolls of remove curse
 v - a scroll of magic mapping {unknown}
 y - 2 scrolls of enchant armour {unknown}
 A - a scroll of blinking {unknown}
Potions
 d - a potion of might
 g - 2 potions of cancellation {unknown}
 k - a potion of lignification {unknown}
 l - 3 potions of heal wounds {unknown}
 o - 2 potions of brilliance {unknown}
 q - a potion of mutation {unknown}
 s - a potion of berserk rage {unknown}
 w - 5 potions of curing {unknown}
 C - 2 potions of agility {unknown}
Books
 z - a book of Maledictions

   Spells                             Type                      Level
   a - Corona                         Hexes                        1
   b - Ensorcelled Hibernation        Hexes/Ice                    2
   c - Confuse                        Hexes                        3
   d - Tukima's Dance                 Hexes                        3
   e - Dazzling Spray                 Conjuration/Hexes            3
Comestibles
 f - 5 bread rations
 x - a beef jerky


   Skills:
 * Level 7.3 Fighting
 + Level 4.9 Axes
 + Level 5.8 Armour
 + Level 3.7 Dodging
 + Level 5.6 Shields


You had 6 spell levels left.
You didn't know any spells.

Dungeon Overview and Level Annotations

Branches:
Dungeon (6/15)
 Temple: D:4-7

Altars:
Fedhas
Ru


Innate Abilities, Weirdness & Mutations

You reflexively headbutt those who attack you in melee.
You have a pair of horns on your head.


Message History

You hit the orc warrior but do no damage.
You hit the hound but do no damage. The hound bites you.
The orc priest hits you with a flail.
* * * LOW HITPOINT WARNING * * *
The orc warrior hits you with a war axe!
* * * LOW HITPOINT WARNING * * *
You block the hound's attack.
You feel very mighty all of a sudden. The hound closely misses you.
You furiously retaliate!
You headbutt the hound! You block the orc priest's attack.
The orc warrior barely misses you.
You are too injured to fight recklessly!
You are too injured to fight recklessly!
You closely miss the orc priest.
The orc priest is almost dead.
You barely miss the hound. You hit the orc warrior. The hound bites you.
* * * LOW HITPOINT WARNING * * *
The hound bites you but does no damage.
The orc priest invokes the aid of Beogh against you.
Beogh smites you!
You die...

####....###
#.#.##
#.#.##
####....##
.........#
#.#####.!!#
##...####
##.........
#.@...#####
#ooh#.#
....[..#
.<......##
...$....#.#
#.####....#
# #.....
#######


You could see an orc warrior, a hound and an orc priest.

Vanquished Creatures
  2 ogres (D:5)
  2 centaurs
  A scorpion (D:5)
  2 howler monkeys
  A crimson imp (D:5)
  2 hounds
  2 jellies
  3 orc wizards (D:4)
  Jessica (D:2)
  2 worker ants
  A hound zombie (D:5)
  A hound skeleton (D:6)
  7 adders
  2 oozes (D:5)
  2 adder skeletons
  3 worms
  3 dart slugs
  3 leopard geckos
  2 orcs
  8 giant cockroaches
  9 goblins
  5 hobgoblins
  5 jackals
  A quokka (D:2)
  A ball python (D:3)
  A ball python zombie (D:6)
  7 bats
  9 frilled lizards
  6 kobolds
  A leopard gecko skeleton (D:4)
  5 rats
100 creatures vanquished.

Vanquished Creatures (others)
  A worker ant (D:6)
1 creature vanquished.

Grand Total: 101 creatures vanquished

Notes
Turn   | Place    | Note
-------+----------+-------------------------------------------
     0 | D:1      | MTVSty1e the Minotaur Fighter began the quest for the Orb.
     0 | D:1      | Reached XP level 1. HP: 19/19 MP: 0/0
    44 | D:1      | Reached skill level 4 in Fighting
    46 | D:1      | Reached XP level 2. HP: 19/27 MP: 1/1
   246 | D:1      | Reached skill level 1 in Dodging
   510 | D:1      | Reached XP level 3. HP: 33/33 MP: 2/2
   632 | D:2      | Noticed Jessica
   635 | D:2      | Killed Jessica
   635 | D:2      | Reached XP level 4. HP: 40/41 MP: 3/3
   709 | D:2      | Reached skill level 5 in Fighting
  1500 | D:3      | Found a sacrificial altar of Ru.
  1695 | D:3      | Reached XP level 5. HP: 44/48 MP: 4/4
  2174 | D:4      | Found a blossoming altar of Fedhas.
  2179 | D:4      | Noticed a centaur
  2189 | D:4      | Killed a centaur
  2638 | D:4      | Reached XP level 6. HP: 57/57 MP: 5/5
  2881 | D:4      | Reached skill level 5 in Armour
  2892 | D:4      | Reached skill level 6 in Fighting
  3100 | D:5      | Entered Level 5 of the Dungeon
  3294 | D:5      | Reached XP level 7. HP: 56/64 MP: 6/6
  3331 | D:5      | Reached skill level 5 in Shields
  3656 | D:5      | Reached skill level 7 in Fighting
  4077 | D:6      | HP: 3/66 [hound (4)]
  4077 | D:6      | Killed from afar by an orc priest

Skill      XL: |  1  2  3  4  5  6  7 |
---------------+----------------------+-----
Fighting       | 4 5 6 7 |  7.3
Dodging        | 1 2 3 |  3.7
Axes           | 3 4 |  4.9
Armour         | 4 5 |  5.8
Shields        | 4 5 |  5.6

Action                   |  1- 3 |  4- 6 |  7- 9 || total
-------------------------+-------+-------+-------++-------
Melee: War axe           |    74 |   156 |    41 ||   271
       Headbutt          |    11 |    20 |     6 ||    37
  Use: Scroll            |       |       |     8 ||     8
       Potion            |       |       |     1 ||     1
  Eat: Bread ration      |       |     2 |       ||     2
       Fruit             |       |       |     1 ||     1
       Beef jerky        |       |       |     1 ||     1
Armor: Scale mail        |    38 |    65 |     9 ||   112
Dodge: Dodged            |    28 |    60 |    22 ||   110
Block: Shield            |    52 |    93 |    23 ||   168
